 Dungeon Crawl Stone Soup version 0.21-a0-201-g8501b10 (webtiles) character file.

235 Ijustatesigmund the Cudgeler (level 6, -4/43 HPs)
             Began as an Octopode Fighter on Aug 17, 2017.
             Slain by an orc
             ... wielding a +0 hand axe
              (9 damage)
             ... on level 3 of the Dungeon.
             The game lasted 00:04:51 (2823 turns).

Ijustatesigmund the Cudgeler (Octopode Fighter)     Turns: 2823, Time: 00:04:52

Health: -4/43      AC:  1    Str: 20    XL:     6   Next: 5%
Magic:  6/6        EV: 12    Int: 10    God:
Gold:   105        SH:  9    Dex: 14    Spells: 5/5 levels left

rFire    . . .     SeeInvis .   a - +1 flail
rCold    . . .     Gourm    .   b - +0 shield
rNeg     . . .     Faith    .   (helmet restricted)
rPois    .         Spirit   .   (no amulet)
rElec    .         Reflect  .   (no ring)
rCorr    .         Harm     .   (no ring)
MR       .....                  (no ring)
Stlth    ++........             (no ring)
HPRegen  0.14/turn              (no ring)
MPRegen  0.10/turn              (no ring)
                                (no ring)
                                (no ring)

@: mighty
A: almost no armour, stealthy swim, amphibious, 8 rings, constrict 8, camouflage
1, gelatinous body 1
a: no special abilities


You were on level 3 of the Dungeon.
You were not hungry.

You visited 1 branch of the dungeon, and saw 3 of its levels.

You collected 105 gold pieces.

Inventory:

Hand Weapons
 a - a +1 flail (weapon)
Missiles
 j - 11 javelins (quivered)
Armour
 b - a +0 shield (worn)
Scrolls
 e - a scroll of blinking
 f - 5 scrolls of teleportation
 l - a scroll of immolation
Potions
 c - a potion of might
 h - a potion of lignification {unknown}
 i - a potion of curing {unknown}
 k - a potion of haste {unknown}
 o - a potion of flight {unknown}
Comestibles
 d - 2 bread rations
 g - 8 chunks of flesh
 m - 3 fruits
 n - 4 meat rations


   Skills:
 + Level 3.7 Fighting
 + Level 5.7 Maces & Flails
 - Level 3.0 Dodging
 - Level 3.0 Shields


You had 5 spell levels left.
You didn't know any spells.

Dungeon Overview and Level Annotations

Branches:
Dungeon (3/15)

Altars:
Elyvilon
Fedhas
Nemelex Xobeh
Okawaru
Ru
Sif Muna
Trog
Uskayaw
Yredelemnul

Annotations:
D:2 2 transporters


Innate Abilities, Weirdness & Mutations

You cannot wear most types of armour.
You are very stealthy in the water. (Stealth+)
You are amphibious.
You can wear up to eight rings at the same time.
You can use your tentacles to constrict eight enemies at once.
Your skin changes colour to match your surroundings (Stealth+).
Your rubbery body absorbs attacks. (AC +1, EV +1)


Message History

You are too injured to fight recklessly!
You are too injured to fight recklessly!
You barely miss the orc priest. Your grab misses the orc priest.
Your squeeze misses the orc priest.
The orc priest mumbles some strange prayers to Beogh against you.
Beogh smites you!
* * * LOW HITPOINT WARNING * * *
You block the orc's attack. The orc priest closely misses you.
You feel very mighty all of a sudden. The orc misses you.
The orc priest hits you but does no damage.
You bludgeon the orc priest!!
You kill the orc priest!
You have reached level 6!
Your experience leads to an increase in your attributes!
Your base attributes are Str 15, Int 10, Dex 13.
Increase (S)trength, (I)ntelligence, or (D)exterity?
You feel agile. The orc hits you with a hand axe!
You die...

.................
.#.....................
......................
#.....................
###.....................
#....................)..
........................
#.....)o................
#......@................
........................
##....>..........[......
#......................
##.....................
#.....)...............
#.....................
#.........(...........
#......................


You could see an orc.

Vanquished Creatures
  Crazy Yiuf (D:2)
  2 orc priests (D:3)
  An orc wizard (D:3)
  4 gnolls (D:3)
  2 adders
  2 worms
  A leopard gecko (D:3)
  8 orcs
  A giant cockroach (D:1)
  4 hobgoblins
  A quokka (D:3)
  4 bats
  5 frilled lizards
  7 goblins
  4 kobolds
  3 rats
50 creatures vanquished.

Notes
Turn   | Place    | Note
-------+----------+-------------------------------------------
     0 | D:1      | Ijustatesigmund the Octopode Fighter began the quest for the Orb.
     0 | D:1      | Reached XP level 1. HP: 16/16 MP: 1/1
   357 | D:1      | Reached XP level 2. HP: 21/21 MP: 2/2
   636 | D:2      | Reached skill level 3 in Maces & Flails
   727 | D:2      | Reached XP level 3. HP: 22/26 MP: 3/3
   996 | D:2      | Found a sacrificial altar of Ru.
   998 | D:2      | Found a blossoming altar of Fedhas.
   998 | D:2      | Found a transporter.
  1011 | D:2      | Noticed a sky beast
  1014 | D:2      | Found a transporter.
  1148 | D:2      | Found a runed door.
  1152 | D:2      | Noticed Crazy Yiuf
  1158 | D:2      | Killed Crazy Yiuf
  1158 | D:2      | Reached skill level 4 in Maces & Flails
  1158 | D:2      | Reached XP level 4. HP: 17/31 MP: 4/4
  1529 | D:3      | Found a hide-covered altar of Uskayaw.
  1530 | D:3      | Found a sparkling altar of Nemelex Xobeh.
  1530 | D:3      | Found a bloodstained altar of Trog.
  1536 | D:3      | Found a white marble altar of Elyvilon.
  1538 | D:3      | Found an iron altar of Okawaru.
  1538 | D:3      | Found a deep blue altar of Sif Muna.
  1539 | D:3      | Found a basalt altar of Yredelemnul.
  2370 | D:3      | Reached skill level 5 in Maces & Flails
  2370 | D:3      | Reached XP level 5. HP: 25/36 MP: 5/5
  2823 | D:3      | Reached XP level 6. HP: 5/43 MP: 6/6
  2823 | D:3      | Slain by an orc

Vault maps used:
D:1:      nicolae_arrival_washed_ashore
D:2:      gammafunk_temple_overflow_arena, nicolae_overflow_hidden_temple,
          first_bread, minivault_14, uniq_crazy_yiuf_cottage
D:3:      grunt_temple_overflow_open

Skill      XL: |  1  2  3  4 |
---------------+-------------+-----
Maces & Flails | 3 4 5 |  5.7
Fighting       | |  3.7
Dodging        | |  3.0
Shields        | |  3.0

Action                   |  1- 3 |  4- 6 || total
-------------------------+-------+-------++-------
Melee: Flail             |    44 |    61 ||   105
       Tentacles         |    10 |    10 ||    20
       Constrict         |    11 |    15 ||    26
Throw: Javelin           |     3 |     4 ||     7
  Use: Scroll            |     4 |     4 ||     8
       Potion            |       |     2 ||     2
 Stab: Sleeping          |     2 |     4 ||     6
  Eat: Chunk             |       |     6 ||     6
Armor: Skin              |     5 |     3 ||     8
Dodge: Dodged            |    21 |    22 ||    43
Block: Shield            |    17 |    22 ||    39
